 Dungeon Crawl Stone Soup version 0.28-a0-563-gf77a47075d (webtiles) character file.

Game seed: 1455532094379816575

81 pokedragonboy the Shield-Bearer (level 4, -4/29 HPs)
             Began as a Gargoyle Fighter on Sept 30, 2021.
             Was an Initiate of Ru.
             Killed by divine providence
             ... invoked by an orc priest
              (13 damage)
             ... on level 3 of the Dungeon.
             The game lasted 00:03:42 (2300 turns).

pokedragonboy the Shield-Bearer (Gargoyle Fighter)  Turns: 2300, Time: 00:03:42

Health: -4/29      AC: 12    Str: 21    XL:     4   Next: 40%
Magic:  5/5        EV:  7    Int:  8    God:    Ru [......]
Gold:   85         SH:  4    Dex:  9    Spells: 3/3 levels left

rFire   . . .      SeeInvis .   a - +0 war axe
rCold   . . .      Faith    .   c - +0 buckler
rNeg    + . .      Spirit   .   j - +0 chain mail
rPois   ∞          Reflect  .   (no helmet)
rElec   +          Harm     .   (no cloak)
rCorr   .          Rampage  .   (no gloves)
Will    .....                   (no boots)
Stlth   ..........              (no amulet)
HPRegen 0.09/turn               (no ring)
MPRegen 0.09/turn               (no ring)

@: no status effects
A: sickness immunity, AC +3, negative energy resistance 1, electricity
resistance, torment resistance 1, petrification resistance
a: Renounce Religion


You were on level 3 of the Dungeon.
You worshipped Ru.
Ru was noncommittal.
You visited 1 branch of the dungeon, and saw 3 of its levels.

You collected 85 gold pieces.

Inventory:

Hand Weapons
 a - a +0 war axe (weapon)
 b - a +0 hunting sling
 h - a +0 battleaxe
Armour
 c - a +0 buckler (worn)
 j - a +0 chain mail (worn)
Scrolls
 e - a scroll of enchant armour {unknown}
 f - a scroll of fog {unknown}
 g - a scroll of vulnerability {unknown}
Potions
 d - a potion of might
 i - a potion of heal wounds {unknown}


   Skills:
 + Level 3.7 Fighting
 * Level 2.7 Axes
 + Level 3.7 Armour
 + Level 3.8 Shields
 - Level 1.4 Invocations


You had 3 spell levels left.
You didn't know any spells.
Your spell library contained the following spells:

 Spells                   Type           Power      Damage    Failure   Level
 Petrify                  Tmut/Erth      0%         N/A       100%        4
 Metabolic Englaciation   Hex/Ice        0%         N/A       100%        5
 Statue Form              Tmut/Erth      Unusable   N/A       N/A         6

Dungeon Overview and Level Annotations

Branches:
Dungeon (3/15)

Altars:
Ru


Innate Abilities, Weirdness & Mutations

You are immune to sickness and miasma.
Your stone body is resilient. (AC +3)
You are immune to poison.
You resist negative energy. (rN+)
You are resistant to electric shocks. (rElec)
You are resistant to unholy torment.
You are immune to petrification.


Message History

You closely miss the quokka.
The quokka is almost dead.
The quokka bites you but does no damage. x2
A quokka is nearby!
You slash the quokka!
You kill the quokka!
Welcome back, pokedragonboy the Gargoyle Fighter.
Press ? for a list of commands and other information.
There is a sacrificial altar of Ru here.
You kneel at the altar of Ru.
Ru welcomes you!
An orc comes into view. It is wielding a +0 flail.
An orc priest comes into view. It is wielding a +0 hand axe.
The orc priest shouts!
You hear a shout!
An orc priest comes into view. It is wielding a +0 whip.
The orc priest shouts!
An orc comes into view.
It is wielding a +0 mace and quivering silver boomerangs.
You block the orc's attack.
Your chain mail prevents you from hitting the orc.
The orc priest calls down the wrath of Beogh upon you.
Beogh smites you! You block the orc's attack.
You hit the orc.
The orc is severely wounded.
The orc closely misses you.
The orc priest invokes the aid of Beogh against you.
Beogh smites you! You block the orc's attack.
You are too injured to fight recklessly!
You are too injured to fight recklessly!
You are too injured to fight recklessly!
You are too injured to fight recklessly!
You are too injured to fight recklessly!
Unknown command.
You closely miss the orc.
The orc is severely wounded.
The orc hits you with a +0 flail.
You barely miss the orc.
The orc is severely wounded.
The orc priest invokes the aid of Beogh against you.
Beogh smites you!
You die...

....†.)PP..P._...#
...........P.....#
.................#
..........#.##.#.#
.#..........##...#
.#........####.###
...>......# #.#
.##+#######
#.#########
#..@ooo...#
#####o.##.# .# #


You could see 2 orc priests and 2 orcs.

Vanquished Creatures
  2 adders
  3 worms
  2 dart slugs
  7 bats
  2 endoplasms (D:1)
  4 giant cockroaches
  4 goblins
  7 hobgoblins
  A quokka (D:3)
  6 ball pythons
  4 frilled lizards
  3 kobolds
  4 rats
49 creatures vanquished.

Vanquished Creatures (others)
  2 fungi (D:3)
  4 plants (D:1)
6 creatures vanquished.

Grand Total: 55 creatures vanquished

Notes
Turn   | Place    | Note
-------+----------+-------------------------------------------
     0 | D:1      | pokedragonboy the Gargoyle Fighter began the quest for the
                  | Orb.
     0 | D:1      | Reached XP level 1. HP: 14/14 MP: 1/1
   148 | D:1      | Reached XP level 2. HP: 19/19 MP: 2/2
   501 | D:1      | Reached XP level 3. HP: 21/23 MP: 3/3
   957 | D:2      | Reached skill level 1 in Invocations
  1779 | D:2      | Reached XP level 4. HP: 28/29 MP: 4/4
  2268 | D:3      | Found a sacrificial altar of Ru.
  2287 | D:3      | Became a worshipper of Ru the Awakened
  2300 | D:3      | Killed from afar by an orc priest

Illustrated notes

Levels and vault maps discovered:
D:1:      dpeg_arrival_ternary, layout_basic, serial_park_tiny_1,
          corexii_hall_statues_x, serial_bayou_pond_b
D:2:      layout_basic
D:3:      layout_basic, mainiacjoe_overflow_small_starburst,
          mainiacjoe_overflow_chevrons, uniq_grinder

Skill      XL: |  1  2  3 |
---------------+----------+-----
Axes           | 2 |  2.7
Invocations    | 1 |  1.4
Fighting       | |  3.7
Armour         | |  3.7
Shields        | |  3.8

Action                   |  1- 3 |  4- 6 || total
-------------------------+-------+-------++-------
Melee: War axe           |   112 |    44 ||   156
Armor: Scale mail        |    62 |     1 ||    63
       Chain mail        |       |    32 ||    32
Dodge: Dodged            |    50 |    19 ||    69
Block: Buckler           |    18 |    17 ||    35

Table legend: (Time is in decaauts)
 A = Elapsed time spent in this place.
 B = Non-inter-level travel time spent in this place.
 C = Inter-level travel time spent in this place.
 D = Time resting spent in this place.
 E = Time spent auto-exploring this place.
 F = Levels seen in this place.
 G = Mean time per level.
                   A        B        C        D        E       F      G
               +--------+--------+--------+--------+--------+-----+--------+
         Total |   2365 |   2315 |     50 |    335 |   1597 |   3 |  788.3 |
       Dungeon |   2365 |   2315 |     50 |    335 |   1597 |   3 |  788.3 |
               +--------+--------+--------+--------+--------+-----+--------+

Top non-repeatable levels by time:
     D:2: 1257 daAuts
     D:1: 913 daAuts
     D:3: 195 daAuts
